 Dungeon Sprint DCSS version 0.29.1-2-gbd0b4ee654 (webtiles) character file.

Game seed: 1920028976544797536

2583 Groucho the Unseen (level 9, -2/48 HPs)
             Began as a Spriggan Enchanter on Nov 14, 2022.
             Was the Champion of Dithmenos.
             Killed from afar by an air elemental (12 damage)
             ... with a stunning burst
             ... while paralysed by an air elemental
             ... in the Dungeon (Sprint VII: "The Pits").
             The game lasted 00:10:31 (2075 turns).

Groucho the Unseen (Spriggan Enchanter)             Turns: 2075, Time: 00:10:31

Health: -2/48      AC:  4    Str: 11    XL:     9   Next: 32%
Magic:  12/22      EV:  4    Int: 16    God:    Dithmenos [******]
Gold:   0          SH:  0    Dex: 16    Spells: 14/25 levels left

rFire   . . .      SeeInvis +   m - +2 dagger (venom)
rCold   . . .      Faith    .   (no shield)
rNeg    + . .      Spirit   .   n - +1 robe {rN+}
rPois   .          Reflect  .   (helmet restricted)
rElec   .          Harm     .   r - +0 cloak
rCorr   .          Rampage  .   (gloves unavailable)
Will    +....      NoTele   +   (boots unavailable) Stlth *+++++++++
                                (no amulet)
HPRegen 0.16/turn               b - +3 ring of evasion
MPRegen 0.18/turn               o - +3 ring of strength

@: paralysed, wreathed by umbra, very quick
A: very small, no large weapons, unfitting armour, see invisible, speed 3
a: Renounce Religion, Shadow Step, Shadow Form


You were in the Dungeon.
You worshipped Dithmenos.
Dithmenos was exalted by your worship.
You visited 1 branch

Inventory:

Hand Weapons
 a - a +2 dagger
 m - a +2 dagger of venom (weapon)
 q - a +2 rapier of draining
Missiles
 j - 9 stones (quivered)
Armour
 n - a +1 robe of positive energy (worn)
 r - a +0 cloak (worn)
Jewellery
 b - a +3 ring of evasion (left hand)
 o - a +3 ring of strength (right hand)
Scrolls
 i - a scroll of blinking
 k - 5 scrolls of amnesia
 l - a scroll of summoning
Potions
 c - 4 potions of invisibility
 d - 7 potions of curing
 e - 11 potions of heal wounds
 f - 3 potions of haste
 g - 4 potions of magic
 h - 3 potions of berserk rage
 p - 2 potions of mutation


   Skills:
 + Level 5.7 Fighting
 * Level 10.8 Short Blades
 * Level 12.9 Dodging
 - Level 15.0 Stealth
 + Level 8.7 Spellcasting
 * Level 12.2 Hexes


You had 14 spell levels left.
You knew the following spells:

 Your Spells              Type           Power      Damage    Failure   Level
a - Ensorcelled Hibernat  Hex/Ice        52%        N/A       1%          2
b - Confusing Touch       Hex            46%        N/A       1%          3
c - Dazzling Flash        Conj/Hex       52%        N/A       2%          3
d - Tukima's Dance        Hex            46%        N/A       1%          3

Your spell library contained the following spells:

 Spells                   Type           Power      Damage    Failure   Level


Dungeon Overview and Level Annotations

Branches:
Dungeon (1/1)

Altars:
Ashenzari
Cheibriados
Dithmenos
Elyvilon
Fedhas
Gozag
Hepliaklqana
Kikubaaqudgha
Makhleb
Nemelex Xobeh
Okawaru
Qazlal
Ru
Sif Muna
Trog
Uskayaw
Vehumet
Wu Jian
Xom
Yredelemnul
Zin
The Shining One
Jiyva
Lugonu

Annotations:
D Psyche


Innate Abilities, Weirdness & Mutations

You are very small and have problems with some larger weapons.
You are too small for most types of armour.
You have supernaturally acute eyesight. (SInv)
You cover ground extremely quickly. (Speed+++)


Message History

You closely miss the air elemental. The air elemental hits you!
* * * LOW HITPOINT WARNING * * *
You hit the air elemental but do no damage.
The air elemental is completely immune to your confusing touch!
Your shadow completely misses the air elemental.
Your hands stop glowing.
The air elemental misses you.
Unknown command.
The air elemental barely misses you.
The air elemental attacks as you move away!
The air elemental closely misses you.
The air elemental fires a burst of electricity at you.
The stunning burst misses you.
You feel much better.
The air elemental fires a burst of electricity at you.
The stunning burst hits you!
You suddenly lose the ability to move!
You emit a cloud of dark smoke.
The air elemental barely misses you.
Psyche casts a cantrip, but nothing happens.
You can move again.
The air elemental attacks as you move away!
The air elemental completely misses you.
The air elemental fires a burst of electricity at you.
The stunning burst hits you!
You shrug off the repeated paralysis!
* * * LOW HITPOINT WARNING * * *
You emit a cloud of dark smoke.
The air elemental fires a burst of electricity at you.
The stunning burst misses you.
The air elemental attacks as you move away!
The air elemental misses you.
The air elemental completely misses you.
There is a broken door to the Storerooms (Easy), spattered with blood here.
Things that are here:
a +0 dagger; a +0 mace; an orc skeleton The air elemental attacks as you move away!
The air elemental misses you.
The air elemental completely misses you.
The air elemental completely misses you.
The air elemental fires a burst of electricity at you.
The stunning burst hits you!
You suddenly lose the ability to move!
You die...

############
#_________.#
#_________.#
#_______...###########++
##########'##...........
#.?..')))).##.§§...#..#.
##########.##§§§§.......
#.)....@.E.)§§§§§§......
#)#####'#####§§§§§§#..#.
#.#..#..#[[##.§§§§§N....
#.#..'.)#))#####§#####@'
#)#..####).##..§§§..##''
#.#..#†.#))##.......##..
#[#..#..#..##.......##..
#.##'#..#'###...<...##..
#÷#........##.......##..


You could see an air elemental.

Vanquished Creatures
  An orc high priest (D)
  A komodo dragon (D)
  A wyvern (D)
  2 fire bats (D)
  2 wargs (D)
  A floating eye (D)
  A sky beast (D)
  2 black bears (D)
  2 orc warriors (D)
  3 wolves (D)
  A necrophage (D)
  3 scorpions (D)
  A quasit (D)
  An orc wizard (D)
  A gnoll (D)
  An adder (D)
  2 ufetubi (D)
  7 orcs (D)
  An endoplasm (D)
  A giant cockroach (D)
  3 jackals (D)
  A quokka (D)
  A ball python skeleton (D)
  A frilled lizard (D)
41 creatures vanquished.

Notes
Turn   | Place    | Note
-------+----------+-------------------------------------------
     0 | D        | Groucho the Spriggan Enchanter began the quest for the Orb.
     0 | D        | Reached XP level 1. HP: 9/9 MP: 5/5
   434 | D        | Found a bloodstained altar of Trog.
   434 | D        | Found a shimmering blue altar of Sif Muna.
   434 | D        | Found a viscous altar of Jiyva.
   434 | D        | Found a hazy altar of Hepliaklqana.
   434 | D        | Found an opulent altar of Gozag.
   435 | D        | Found a glowing golden altar of the Shining One.
   435 | D        | Found a glowing silver altar of Zin.
   435 | D        | Found a basalt altar of Yredelemnul.
   435 | D        | Found a shimmering altar of Xom.
   435 | D        | Found an ornate altar of the Wu Jian Council.
   435 | D        | Found a sacrificial altar of Ru.
   435 | D        | Found a stormy altar of Qazlal.
   435 | D        | Found an iron altar of Okawaru.
   435 | D        | Found a sparkling altar of Nemelex Xobeh.
   435 | D        | Found a burning altar of Makhleb.
   435 | D        | Found a blossoming altar of Fedhas.
   435 | D        | Found a white marble altar of Elyvilon.
   435 | D        | Found a shadowy altar of Dithmenos.
   435 | D        | Found a snail-covered altar of Cheibriados.
   437 | D        | Found a corrupted altar of Lugonu.
   437 | D        | Found a radiant altar of Vehumet.
   438 | D        | Found an ancient bone altar of Kikubaaqudgha.
   438 | D        | Found a hide-covered altar of Uskayaw.
   438 | D        | Found a broken altar of Ashenzari.
   443 | D        | Became a worshipper of Dithmenos the Shadowed
   468 | D        | Reached skill level 1 in Fighting
   468 | D        | Reached skill level 5 in Stealth
   474 | D        | Reached * piety under Dithmenos
   475 | D        | Reached XP level 2. HP: 11/14 MP: 7/7
   486 | D        | Learned a level 2 spell: Ensorcelled Hibernation
   710 | D        | Noticed a scorpion
   710 | D        | Noticed a scorpion
   711 | D        | Noticed a black bear
   724 | D        | Killed a scorpion
   724 | D        | Reached ** piety under Dithmenos
   725 | D        | Reached skill level 5 in Dodging
   725 | D        | Reached skill level 7 in Stealth
   725 | D        | Reached skill level 5 in Hexes
   725 | D        | Reached XP level 3. HP: 18/18 MP: 3/9
   725 | D        | Reached XP level 4. HP: 23/23 MP: 3/11
   910 | D        | Killed a scorpion
   911 | D        | Reached skill level 8 in Stealth
   911 | D        | Reached XP level 5. HP: 27/27 MP: 9/12
   928 | D        | Learned a level 3 spell: Confusing Touch
   932 | D        | Learned a level 3 spell: Dazzling Flash
   936 | D        | Learned a level 3 spell: Tukima's Dance
   953 | D        | Killed a black bear
   954 | D        | Reached skill level 5 in Short Blades
   954 | D        | Reached skill level 9 in Stealth
   954 | D        | Reached skill level 5 in Spellcasting
  1004 | D        | Noticed a sky beast
  1004 | D        | Noticed an orc warrior
  1017 | D        | Reached *** piety under Dithmenos
  1023 | D        | Killed an orc warrior
  1024 | D        | Reached skill level 10 in Stealth
  1024 | D        | Reached XP level 6. HP: 32/32 MP: 9/15
  1082 | D        | Reached **** piety under Dithmenos
  1122 | D        | Killed a sky beast
  1123 | D        | Reached skill level 11 in Stealth
  1157 | D        | Noticed a floating eye
  1161 | D        | Killed a floating eye
  1162 | D        | Reached XP level 7. HP: 29/37 MP: 5/17
  1250 | D        | Noticed a komodo dragon
  1252 | D        | Killed a komodo dragon
  1253 | D        | Reached skill level 10 in Dodging
  1253 | D        | Reached skill level 12 in Stealth
  1256 | D        | Reached ***** piety under Dithmenos
  1257 | D        | Reached skill level 10 in Hexes
  1272 | D        | Reached XP level 8. HP: 41/42 MP: 8/19
  1443 | D        | Noticed an orc high priest
  1445 | D        | Reached skill level 13 in Stealth
  1655 | D        | Killed an orc high priest
  1655 | D        | Reached ****** piety under Dithmenos
  1656 | D        | Reached skill level 5 in Fighting
  1656 | D        | Reached skill level 10 in Short Blades
  1656 | D        | Reached skill level 14 in Stealth
  1714 | D        | Reached XP level 9. HP: 36/47 MP: 7/22
  2036 | D        | Reached skill level 15 in Stealth
  2040 | D        | Noticed a salamander
  2041 | D        | Noticed a bog body
  2041 | D        | Noticed Psyche
  2041 | D        | Noticed a naga warrior
  2064 | D        | Paralysed by an air elemental for 1 turns
  2075 | D        | Paralysed by an air elemental for 1 turns
  2075 | D        | Killed from afar by an air elemental

Illustrated notes

Levels and vault maps discovered:
D:        pitsprint [storerooms_1, entrance_room_1, metal_vault_4, armoury_2,
          mini_pit_1, grid_room_1, main_hall_1, silver_pit, the_coven_3,
          the_vestibule_1, steel_vault_1, golden_pit, hallway_of_sentries,
          crystal_vault_1, iron_vault_4, final_vault]

Skill      XL: |  1  2  3  4  5  6  7  8  9 |
---------------+----------------------------+-----
Dodging        | 3 5 6 8 9 10 12 | 12.9
Hexes          | 4 5 6 8 9 10 11 12 | 12.2
Fighting       | 1 2 3 4 5 |  5.7
Short Blades   | 2 4 6 7 8 10 | 10.8
Stealth        | 5 7 8 10 11 12 14 15 | 15.0
Spellcasting   | 3 4 5 6 7 8 |  8.7

Action                   |  1- 3 |  4- 6 |  7- 9 || total
-------------------------+-------+-------+-------++-------
Melee: Dagger            |    19 |    34 |    34 ||    87
Throw: Stone             |       |       |     1 ||     1
 Cast: Ensorcelled Hiber |     4 |    12 |    26 ||    42
       Confusing Touch   |       |     3 |     3 ||     6
       Dazzling Flash    |       |       |     1 ||     1
Invok: Shadow Step       |       |       |     2 ||     2
  Use: Potion            |       |     1 |     1 ||     2
 Stab: Sleeping          |     6 |     5 |    18 ||    29
       Confused          |       |     3 |     2 ||     5
Armor: Robe              |     1 |     2 |     4 ||     7
Dodge: Dodged            |     9 |    20 |    56 ||    85
